Connexion

FLORIDA Panthers vs MONTREAL Canadiens

Created - 10 avril 2024 at 05:50

Goals
1 2 3 T
FLORIDA Panthers 2 3 2 7
MONTREAL Canadiens 1 2 2 5
Shots
1 2 3 T
FLORIDA Panthers 14 9 17 40
MONTREAL Canadiens 4 16 5 25

GoalsPenalties
1st period
1. MONTREAL Canadiens , Tyler Seguin 1 (Cam Atkinson 1, Tyson Barrie 1) at 0:17
2. FLORIDA Panthers , Rickard Rakell 1 (Ian Cole 1) at 2:43
3. FLORIDA Panthers , Cody Eakin 1 (Barclay Goodrow 1, Justin Scott 1) at 5:17
Moritz Seider (MTL) for Holding (Minor) at 12:32
2nd period
4. FLORIDA Panthers , Kiril Kaprizov 1 (Mario Ferraro 1, Mark Scheifele 1) at 0:17
5. FLORIDA Panthers , Mikael Backlund 1 (Nikolay Goldobin 1, Noah Hanifin 1) at 0:40
6. MONTREAL Canadiens , Brett Howden 1 (Michael Pezzetta 1, Matthew Benning 1) at 11:15
7. MONTREAL Canadiens , Evgeni Malkin 1 (Boone Jenner 1, Dakota Mermis 1) at 13:18
8. FLORIDA Panthers , Noah Hanifin 1 (Kiril Kaprizov 1, Jared Spurgeon 1) at 19:13 (PP)
Boone Jenner (MTL) for Goalie Interference (Minor) at 1:01
Justin Scott (FLO) for Tripping (Minor) at 7:53
Kyle Capobianco (MTL) for Delaying the game (Minor) at 18:15
3rd period
9. FLORIDA Panthers , Mario Ferraro 1 (Mark Scheifele 2, Rickard Rakell 1) at 0:53
10. FLORIDA Panthers , Nikolay Goldobin 1 (Mikael Backlund 1, Carter Verhaeghe 1) at 4:28
11. MONTREAL Canadiens , Matthew Benning 1 (Isac Lundestrom 1, Kailer Yamamoto 1) at 7:04
12. MONTREAL Canadiens , Cam Atkinson 1 (Patrick Kane 1, Tyson Barrie 2) at 8:17 (PP)
Noah Hanifin (FLO) for Hooking (Minor) at 7:47
Justin Scott (FLO) for Hooking (Minor) at 14:20
Goalie Stats
Jake Allen (FLO), 20 saves from 25 shots - (0,800), W, 1-0-0, 60:00 minutes
Sergei Bobrovsky (MTL), 12 saves from 16 shots - (0,750), 20:40 minutes
Kevin Lankinen (MTL), 21 saves from 24 shots - (0,875), L, 0-1-0, 39:20 minutes
3 StarsOfficial
1 - Mario Ferraro (FLO)
2 - Rickard Rakell (FLO)
3 - Kiril Kaprizov (FLO)
Referees : Kerry Fraser and Steve Kozari
Linesman : Lyle Seitz and Thor Nelson
Game Note
Kevin Lankinen enters game at 0:40 of 2nd period
Finance
Level 1 -- Attendance: 6000 (100,00%) -- Ticket Income $720,000
Level 2 -- Attendance: 5854 (70,76%) -- Ticket Income $439,050
Level 3 -- Attendance: 2000 (100,00%) -- Ticket Income $110,000
Level 4 -- Attendance: 4000 (100,00%) -- Ticket Income $140,000
Luxury Box -- Attendance: 1000 (100,00%) -- Ticket Income $260,000
Game was played at the Bell Centre.
Total Attendance: 18854 (88,63%)
Total Ticket Income: $1,669,050
Other Income: $333,810
Total Income: $2,002,860



Team Name Goals Shots Shots Attemp Shots Blocked PIM HIT PP PK FO%
FLORIDA Panthers 74074156191 / 3 (33%)163%
MONTREAL Canadiens 52554136191 / 3 (33%)137%

FLORIDA Panthers
Player Name POS G A P +/- PIM HIT SHT SB MP PP MP PP SHT PK MP PK SHT FO% FOT
Barclay GoodrowLW/RW0110023014:490:0000:000100% 2
Carter VerhaegheC/RW0110013016:040:0001:3200% 1
Cody EakinC/LW1010002114:580:0000:09058% 24
Ian ColeD0113012220:062:2712:0100% 0
Jacob TroubaD000-1030014:170:0000:0000% 0
Jared Spurgeon D0110011425:372:2902:2700% 0
Justin ScottC/LW/RW0110425017:372:5000:0000% 1
Kiril KaprizovLW1123012022:052:0612:560100% 1
Mario FerraroD1123023020:062:2702:0100% 0
Mark ScheifeleC0223015022:052:0602:56173% 33
Michael BuntingLW000-100004:120:0000:0000% 0
Mikael BacklundC/LW1120001018:182:5000:56062% 21
Morgan GeekieC000-100004:120:0000:00067% 3
Nikita ZadorovD000-1020314:170:0000:0000% 0
Nikolay GoldobinLW/RW112-1005020:502:0600:0000% 2
Noah HanifinD1120224525:362:2912:2700% 0
Rickard RakellC/LW/RW1123014020:202:5000:2700% 1
Taro HiroseLW000000000:000:0000:0000% 0
MONTREAL Canadiens
Player Name POS G A P +/- PIM HIT SHT SB MP PP MP PP SHT PK MP PK SHT FO% FOT
Boone JennerC/LW011-3221017:341:3300:36075% 4
Brett HowdenC/LW101001106:060:0000:0000% 1
Cam AtkinsonLW/RW1120012021:312:5511:1400% 2
Dakota MermisD011-1021121:121:3312:0900% 0
Evgeni MalkinC/RW101-3014116:591:3310:000100% 1
Isac LundestromC/LW0111021011:420:0000:0000% 0
Jake GuentzelC/LW/RW0000032118:551:3310:00036% 25
Joe VelenoC000000006:060:0000:00057% 7
Justin FaulkD000-3022125:262:5502:4700% 0
Kailer YamamotoC/LW/RW0111002111:420:0000:00033% 15
Kyle CapobiancoD0002220114:050:0000:4400% 0
Matthew BenningD1122001113:220:0000:0000% 0
Michael PezzettaC/LW011000006:060:0000:0000% 0
Moritz SeiderD000-1201220:271:3301:2500% 0
Patrick KaneC/RW011-3022021:522:5503:31029% 31
Phil KesselC/RW0001000012:310:0000:4900% 0
Tyler SeguinC/RW1010014223:592:5513:42067% 3
Tyson BarrieD022-3001225:262:5512:4700% 0



Play-by-Play

1st period


0:01 of 1st period - Mikael Backlund wins face-off versus Jake Guentzel in neutral zone.
0:13 of 1st period - Cam Atkinson is hit by Noah Hanifin.
0:17 of 1st period - Shot by Tyler Seguin.
0:17 of 1st period - Goal by Tyler Seguin - FLORIDA Panthers : 0 - MONTREAL Canadiens : 1.
0:18 of 1st period - Mark Scheifele wins face-off versus Patrick Kane in neutral zone.
0:29 of 1st period - Shot by Mark Scheifele.
0:29 of 1st period - Shot Blocked by Moritz Seider.
0:46 of 1st period - Icing by Patrick Kane.
0:47 of 1st period - Evgeni Malkin wins face-off versus Cody Eakin in MONTREAL Canadiens zone.
1:02 of 1st period - Shot by Cody Eakin.
1:02 of 1st period - Shot Misses the Net.
1:08 of 1st period - Shot by Justin Scott.
1:08 of 1st period - Shot Blocked by Dakota Mermis.
2:29 of 1st period - Icing by Dakota Mermis.
2:30 of 1st period - Patrick Kane wins face-off versus Mark Scheifele in MONTREAL Canadiens zone.
2:30 of 1st period - Evgeni Malkin is hit by Kiril Kaprizov and loses puck.
2:41 of 1st period - Shot by Rickard Rakell.
2:41 of 1st period - Stopped by Sergei Bobrovsky with a rebound.
2:43 of 1st period - Shot by Rickard Rakell.
2:43 of 1st period - Goal by Rickard Rakell - FLORIDA Panthers : 1 - MONTREAL Canadiens : 1.
2:44 of 1st period - Cody Eakin wins face-off versus Jake Guentzel in neutral zone.
2:58 of 1st period - Shot by Cody Eakin.
2:58 of 1st period - Deflect By Justin Scott.
2:58 of 1st period - Stopped by Sergei Bobrovsky without a rebound.
2:59 of 1st period - Mark Scheifele wins face-off versus Kailer Yamamoto in MONTREAL Canadiens zone.
3:02 of 1st period - Shot by Mark Scheifele.
3:02 of 1st period - Shot Blocked by Kyle Capobianco.
3:21 of 1st period - Mark Scheifele is hit by Kyle Capobianco and loses puck.
3:26 of 1st period - Shot by Noah Hanifin.
3:26 of 1st period - Stopped by Sergei Bobrovsky without a rebound.
3:27 of 1st period - Morgan Geekie wins face-off versus Jake Guentzel in MONTREAL Canadiens zone.
3:57 of 1st period - Tyler Seguin is hit by Ian Cole and loses puck.
4:22 of 1st period - Icing by Nikolay Goldobin.
4:23 of 1st period - Kailer Yamamoto wins face-off versus Morgan Geekie in FLORIDA Panthers zone.
5:11 of 1st period - Shot by Mark Scheifele.
5:11 of 1st period - Stopped by Sergei Bobrovsky without a rebound.
5:12 of 1st period - Barclay Goodrow wins face-off versus Joe Veleno in MONTREAL Canadiens zone.
5:15 of 1st period - Shot by Justin Scott.
5:15 of 1st period - Shot Misses the Net.
5:17 of 1st period - Shot by Barclay Goodrow.
5:17 of 1st period - Deflect By Cody Eakin.
5:17 of 1st period - Goal by Cody Eakin - FLORIDA Panthers : 2 - MONTREAL Canadiens : 1.
5:18 of 1st period - Cody Eakin wins face-off versus Jake Guentzel in neutral zone.
5:25 of 1st period - Shot by Justin Scott.
5:25 of 1st period - Stopped by Sergei Bobrovsky without a rebound.
5:26 of 1st period - Jake Guentzel wins face-off versus Cody Eakin in MONTREAL Canadiens zone.
5:31 of 1st period - Cody Eakin is hit by Tyler Seguin and loses puck.
6:58 of 1st period - Shot by Nikolay Goldobin.
6:58 of 1st period - Shot Misses the Net.
7:00 of 1st period - Shot by Carter Verhaeghe.
7:00 of 1st period - Shot Misses the Net.
7:02 of 1st period - Shot by Carter Verhaeghe.
7:02 of 1st period - Stopped by Sergei Bobrovsky with a rebound.
8:56 of 1st period - Kailer Yamamoto is hit by Nikita Zadorov and loses puck.
10:25 of 1st period - Icing by Jared Spurgeon .
10:26 of 1st period - Mikael Backlund wins face-off versus Jake Guentzel in FLORIDA Panthers zone.
10:26 of 1st period - Mikael Backlund is hit by Jake Guentzel.
10:29 of 1st period - Noah Hanifin is hit by Jake Guentzel and loses puck.
10:52 of 1st period - Shot by Nikolay Goldobin.
10:52 of 1st period - Stopped by Sergei Bobrovsky without a rebound.
10:53 of 1st period - Cody Eakin wins face-off versus Kailer Yamamoto in MONTREAL Canadiens zone.
11:06 of 1st period - Icing by Jacob Trouba.
11:07 of 1st period - Jake Guentzel wins face-off versus Cody Eakin in FLORIDA Panthers zone.
11:07 of 1st period - Jake Guentzel is hit by Jacob Trouba.
11:14 of 1st period - Off-side.
11:15 of 1st period - Jake Guentzel wins face-off versus Mark Scheifele in neutral zone.
11:18 of 1st period - Kiril Kaprizov is hit by Jake Guentzel and loses puck.
11:52 of 1st period - Shot by Tyler Seguin.
11:52 of 1st period - Stopped by Jake Allen without a rebound.
11:53 of 1st period - Kailer Yamamoto wins face-off versus Mikael Backlund in FLORIDA Panthers zone.
12:23 of 1st period - Icing by Justin Faulk.
12:24 of 1st period - Cody Eakin wins face-off versus Kailer Yamamoto in MONTREAL Canadiens zone.
12:29 of 1st period - Shot by Barclay Goodrow.
12:29 of 1st period - Stopped by Sergei Bobrovsky without a rebound.
12:30 of 1st period - Mark Scheifele wins face-off versus Jake Guentzel in MONTREAL Canadiens zone.
12:32 of 1st period - Minor Penalty to Moritz Seider for Holding.
12:33 of 1st period - Patrick Kane wins face-off versus Mark Scheifele in MONTREAL Canadiens zone.
12:39 of 1st period - Icing by Jared Spurgeon .
12:40 of 1st period - Mark Scheifele wins face-off versus Patrick Kane in FLORIDA Panthers zone.
12:40 of 1st period - Mark Scheifele is hit by Patrick Kane.
13:20 of 1st period - Shot by Mark Scheifele.
13:20 of 1st period - Deflect By Kiril Kaprizov.
13:20 of 1st period - Stopped by Sergei Bobrovsky without a rebound.
13:21 of 1st period - Mikael Backlund wins face-off versus Patrick Kane in MONTREAL Canadiens zone.
13:50 of 1st period - Shot by Justin Scott.
13:50 of 1st period - Shot Misses the Net.
13:52 of 1st period - Shot by Justin Scott.
13:52 of 1st period - Shot Misses the Net.
13:54 of 1st period - Shot by Ian Cole.
13:54 of 1st period - Stopped by Sergei Bobrovsky with a rebound.
13:56 of 1st period - Shot by Mario Ferraro.
13:56 of 1st period - Shot Misses the Net.
14:54 of 1st period - Shot by Kailer Yamamoto.
14:54 of 1st period - Stopped by Jake Allen without a rebound.
14:55 of 1st period - Joe Veleno wins face-off versus Mark Scheifele in FLORIDA Panthers zone.
15:32 of 1st period - Shot by Brett Howden.
15:32 of 1st period - Shot Blocked by Noah Hanifin.
16:20 of 1st period - Shot by Isac Lundestrom.
16:20 of 1st period - Stopped by Jake Allen without a rebound.
16:21 of 1st period - Mikael Backlund wins face-off versus Jake Guentzel in FLORIDA Panthers zone.
17:23 of 1st period - Icing by Ian Cole.
17:24 of 1st period - Cody Eakin wins face-off versus Patrick Kane in FLORIDA Panthers zone.
17:31 of 1st period - Shot by Justin Scott.
17:31 of 1st period - Stopped by Sergei Bobrovsky without a rebound.
17:32 of 1st period - Cody Eakin wins face-off versus Patrick Kane in MONTREAL Canadiens zone.
17:51 of 1st period - Shot by Barclay Goodrow.
17:51 of 1st period - Shot Misses the Net.
17:53 of 1st period - Shot by Cody Eakin.
17:53 of 1st period - Shot Misses the Net.
17:55 of 1st period - Shot by Barclay Goodrow.
17:55 of 1st period - Deflect By Justin Scott.
17:55 of 1st period - Stopped by Sergei Bobrovsky with a rebound.
18:33 of 1st period - Shot by Mark Scheifele.
18:33 of 1st period - Shot Misses the Net.
19:46 of 1st period - Nikolay Goldobin is hit by Cam Atkinson and loses puck.
19:54 of 1st period - Icing by Jacob Trouba.
19:55 of 1st period - Joe Veleno wins face-off versus Mikael Backlund in FLORIDA Panthers zone.
Goals for this period are 2 for FLORIDA Panthers vs 1 for MONTREAL Canadiens.
Shots for this period are 14 for FLORIDA Panthers vs 4 for MONTREAL Canadiens.

2nd period


0:01 of 2nd period - Jake Guentzel wins face-off versus Mikael Backlund in neutral zone.
0:11 of 2nd period - Off-side.
0:12 of 2nd period - Mark Scheifele wins face-off versus Patrick Kane in neutral zone.
0:17 of 2nd period - Shot by Kiril Kaprizov.
0:17 of 2nd period - Goal by Kiril Kaprizov - FLORIDA Panthers : 3 - MONTREAL Canadiens : 1.
0:18 of 2nd period - Mikael Backlund wins face-off versus Cam Atkinson in neutral zone.
0:38 of 2nd period - Shot by Nikolay Goldobin.
0:38 of 2nd period - Shot Misses the Net.
0:40 of 2nd period - Shot by Mikael Backlund.
0:40 of 2nd period - Goal by Mikael Backlund - FLORIDA Panthers : 4 - MONTREAL Canadiens : 1.
0:40 of 2nd period - Kevin Lankinen enters game.
0:41 of 2nd period - Patrick Kane wins face-off versus Mark Scheifele in neutral zone.
0:55 of 2nd period - Ian Cole is hit by Evgeni Malkin and loses puck.
1:01 of 2nd period - Minor Penalty to Boone Jenner for Goalie Interference.
1:02 of 2nd period - Mikael Backlund wins face-off versus Patrick Kane in MONTREAL Canadiens zone.
1:05 of 2nd period - Shot by Noah Hanifin.
1:05 of 2nd period - Shot Blocked by Tyler Seguin.
1:07 of 2nd period - Shot by Rickard Rakell.
1:07 of 2nd period - Shot Blocked by Tyler Seguin.
3:12 of 2nd period - Icing by Joe Veleno.
3:13 of 2nd period - Cody Eakin wins face-off versus Joe Veleno in MONTREAL Canadiens zone.
3:14 of 2nd period - Shot by Barclay Goodrow.
3:14 of 2nd period - Stopped by Kevin Lankinen without a rebound.
3:15 of 2nd period - Kailer Yamamoto wins face-off versus Cody Eakin in MONTREAL Canadiens zone.
3:36 of 2nd period - Shot by Phil Kessel.
3:36 of 2nd period - Shot Misses the Net.
3:40 of 2nd period - Shot by Tyson Barrie.
3:40 of 2nd period - Deflect By Kailer Yamamoto.
3:40 of 2nd period - Shot Blocked by Nikita Zadorov.
4:06 of 2nd period - Icing by Jacob Trouba.
4:07 of 2nd period - Cody Eakin wins face-off versus Jake Guentzel in FLORIDA Panthers zone.
5:14 of 2nd period - Shot by Patrick Kane.
5:14 of 2nd period - Shot Blocked by Noah Hanifin.
5:34 of 2nd period - Shot by Evgeni Malkin.
5:34 of 2nd period - Stopped by Jake Allen with a rebound.
5:36 of 2nd period - Shot by Evgeni Malkin.
5:36 of 2nd period - Shot Blocked by Noah Hanifin.
5:38 of 2nd period - Shot by Boone Jenner.
5:38 of 2nd period - Stopped by Jake Allen without a rebound.
5:39 of 2nd period - Joe Veleno wins face-off versus Mark Scheifele in FLORIDA Panthers zone.
5:51 of 2nd period - Kiril Kaprizov is hit by Brett Howden and loses puck.
6:00 of 2nd period - Shot by Kiril Kaprizov.
6:00 of 2nd period - Shot Blocked by Tyson Barrie.
6:48 of 2nd period - Shot by Jake Guentzel.
6:48 of 2nd period - Deflect By Tyler Seguin.
6:48 of 2nd period - Shot Misses the Net.
6:50 of 2nd period - Shot by Cam Atkinson.
6:50 of 2nd period - Shot Blocked by Ian Cole.
7:05 of 2nd period - Icing by Rickard Rakell.
7:06 of 2nd period - Mark Scheifele wins face-off versus Patrick Kane in FLORIDA Panthers zone.
7:06 of 2nd period - Mark Scheifele is hit by Patrick Kane.
7:36 of 2nd period - Shot by Evgeni Malkin.
7:36 of 2nd period - Stopped by Jake Allen with a rebound.
7:53 of 2nd period - Minor Penalty to Justin Scott for Tripping.
7:54 of 2nd period - Patrick Kane wins face-off versus Carter Verhaeghe in FLORIDA Panthers zone.
8:02 of 2nd period - Shot by Tyler Seguin.
8:02 of 2nd period - Stopped by Jake Allen without a rebound.
8:03 of 2nd period - Mark Scheifele wins face-off versus Patrick Kane in FLORIDA Panthers zone.
8:24 of 2nd period - Shot by Cam Atkinson.
8:24 of 2nd period - Shot Misses the Net.
8:26 of 2nd period - Shot by Justin Faulk.
8:26 of 2nd period - Shot Blocked by Jared Spurgeon .
8:28 of 2nd period - Shot by Cam Atkinson.
8:28 of 2nd period - Deflect By Tyler Seguin.
8:28 of 2nd period - Shot Misses the Net.
8:30 of 2nd period - Shot by Cam Atkinson.
8:30 of 2nd period - Shot Blocked by Jared Spurgeon .
8:32 of 2nd period - Shot by Tyson Barrie.
8:32 of 2nd period - Stopped by Jake Allen without a rebound.
8:33 of 2nd period - Boone Jenner wins face-off versus Mikael Backlund in FLORIDA Panthers zone.
8:40 of 2nd period - Shot by Dakota Mermis.
8:40 of 2nd period - Stopped by Jake Allen without a rebound.
8:41 of 2nd period - Boone Jenner wins face-off versus Mikael Backlund in FLORIDA Panthers zone.
9:08 of 2nd period - Shot by Evgeni Malkin.
9:08 of 2nd period - Shot Blocked by Jared Spurgeon .
9:10 of 2nd period - Shot by Evgeni Malkin.
9:10 of 2nd period - Stopped by Jake Allen without a rebound.
9:11 of 2nd period - Patrick Kane wins face-off versus Mikael Backlund in FLORIDA Panthers zone.
9:11 of 2nd period - Tyson Barrie is hit by Mario Ferraro.
11:15 of 2nd period - Shot by Brett Howden.
11:15 of 2nd period - Goal by Brett Howden - FLORIDA Panthers : 4 - MONTREAL Canadiens : 2.
11:16 of 2nd period - Mark Scheifele wins face-off versus Jake Guentzel in neutral zone.
11:54 of 2nd period - Shot by Cam Atkinson.
11:54 of 2nd period - Stopped by Jake Allen without a rebound.
11:55 of 2nd period - Cody Eakin wins face-off versus Patrick Kane in FLORIDA Panthers zone.
12:16 of 2nd period - Shot by Barclay Goodrow.
12:16 of 2nd period - Stopped by Kevin Lankinen without a rebound.
12:17 of 2nd period - Mark Scheifele wins face-off versus Kailer Yamamoto in MONTREAL Canadiens zone.
12:26 of 2nd period - Shot by Rickard Rakell.
12:26 of 2nd period - Stopped by Kevin Lankinen with a rebound.
12:28 of 2nd period - Shot by Mark Scheifele.
12:28 of 2nd period - Shot Hit the Post.
12:30 of 2nd period - Shot by Rickard Rakell.
12:30 of 2nd period - Shot Blocked by Matthew Benning.
12:44 of 2nd period - Shot by Mark Scheifele.
12:44 of 2nd period - Stopped by Kevin Lankinen without a rebound.
12:45 of 2nd period - Jake Guentzel wins face-off versus Cody Eakin in MONTREAL Canadiens zone.
12:45 of 2nd period - Jake Guentzel is hit by Justin Scott.
12:53 of 2nd period - Tyson Barrie is hit by Barclay Goodrow and loses puck.
13:06 of 2nd period - Shot by Justin Scott.
13:06 of 2nd period - Stopped by Kevin Lankinen without a rebound.
13:07 of 2nd period - Patrick Kane wins face-off versus Mikael Backlund in MONTREAL Canadiens zone.
13:07 of 2nd period - Patrick Kane is hit by Carter Verhaeghe.
13:18 of 2nd period - Shot by Evgeni Malkin.
13:18 of 2nd period - Goal by Evgeni Malkin - FLORIDA Panthers : 4 - MONTREAL Canadiens : 3.
13:19 of 2nd period - Mark Scheifele wins face-off versus Jake Guentzel in neutral zone.
13:41 of 2nd period - Shot by Cam Atkinson.
13:41 of 2nd period - Shot Blocked by Ian Cole.
13:44 of 2nd period - Icing by Mario Ferraro.
13:45 of 2nd period - Patrick Kane wins face-off versus Mark Scheifele in FLORIDA Panthers zone.
13:46 of 2nd period - Shot by Moritz Seider.
13:46 of 2nd period - Stopped by Jake Allen without a rebound.
13:47 of 2nd period - Boone Jenner wins face-off versus Nikolay Goldobin in FLORIDA Panthers zone.
13:58 of 2nd period - Shot by Nikolay Goldobin.
13:58 of 2nd period - Shot Misses the Net.
14:05 of 2nd period - Patrick Kane is hit by Noah Hanifin and loses puck.
14:10 of 2nd period - Shot by Boone Jenner.
14:10 of 2nd period - Shot Blocked by Noah Hanifin.
14:22 of 2nd period - Shot by Boone Jenner.
14:22 of 2nd period - Shot Misses the Net.
14:24 of 2nd period - Shot by Patrick Kane.
14:24 of 2nd period - Stopped by Jake Allen without a rebound.
14:25 of 2nd period - Jake Guentzel wins face-off versus Rickard Rakell in FLORIDA Panthers zone.
14:56 of 2nd period - Shot by Tyler Seguin.
14:56 of 2nd period - Stopped by Jake Allen without a rebound.
14:57 of 2nd period - Cody Eakin wins face-off versus Kailer Yamamoto in FLORIDA Panthers zone.
14:59 of 2nd period - Icing by Noah Hanifin.
15:00 of 2nd period - Cody Eakin wins face-off versus Patrick Kane in FLORIDA Panthers zone.
15:00 of 2nd period - Cody Eakin is hit by Boone Jenner.
15:08 of 2nd period - Shot by Justin Scott.
15:08 of 2nd period - Shot Blocked by Moritz Seider.
15:24 of 2nd period - Cody Eakin is hit by Boone Jenner and loses puck.
15:35 of 2nd period - Shot by Evgeni Malkin.
15:35 of 2nd period - Shot Blocked by Noah Hanifin.
16:59 of 2nd period - Shot by Mark Scheifele.
16:59 of 2nd period - Stopped by Kevin Lankinen without a rebound.
17:00 of 2nd period - Jake Guentzel wins face-off versus Cody Eakin in MONTREAL Canadiens zone.
17:05 of 2nd period - Shot by Cam Atkinson.
17:05 of 2nd period - Shot Blocked by Jared Spurgeon .
17:07 of 2nd period - Shot by Justin Faulk.
17:07 of 2nd period - Stopped by Jake Allen without a rebound.
17:08 of 2nd period - Mark Scheifele wins face-off versus Jake Guentzel in FLORIDA Panthers zone.
17:40 of 2nd period - Tyson Barrie is hit by Jared Spurgeon and loses puck.
17:44 of 2nd period - Icing by Noah Hanifin.
17:45 of 2nd period - Mark Scheifele wins face-off versus Kailer Yamamoto in FLORIDA Panthers zone.
17:55 of 2nd period - Mark Scheifele is hit by Kyle Capobianco.
18:10 of 2nd period - Icing by Matthew Benning.
18:11 of 2nd period - Kailer Yamamoto wins face-off versus Nikolay Goldobin in MONTREAL Canadiens zone.
18:15 of 2nd period - Minor Penalty to Kyle Capobianco for Delaying the game.
18:16 of 2nd period - Mikael Backlund wins face-off versus Patrick Kane in MONTREAL Canadiens zone.
18:16 of 2nd period - Justin Scott is hit by Justin Faulk and loses puck.
18:39 of 2nd period - Tyson Barrie is hit by Justin Scott and loses puck.
19:11 of 2nd period - Shot by Noah Hanifin.
19:11 of 2nd period - Shot Misses the Net.
19:13 of 2nd period - Shot by Noah Hanifin.
19:13 of 2nd period - Goal by Noah Hanifin - FLORIDA Panthers : 5 - MONTREAL Canadiens : 3.
19:14 of 2nd period - Morgan Geekie wins face-off versus Kailer Yamamoto in neutral zone.
19:42 of 2nd period - Shot by Kailer Yamamoto.
19:42 of 2nd period - Stopped by Jake Allen without a rebound.
19:43 of 2nd period - Joe Veleno wins face-off versus Cody Eakin in FLORIDA Panthers zone.
19:46 of 2nd period - Shot by Justin Faulk.
19:46 of 2nd period - Stopped by Jake Allen with a rebound.
Goals for this period are 3 for FLORIDA Panthers vs 2 for MONTREAL Canadiens.
Shots for this period are 9 for FLORIDA Panthers vs 16 for MONTREAL Canadiens.

3rd period


0:01 of 3rd period - Jake Guentzel wins face-off versus Mikael Backlund in neutral zone.
0:34 of 3rd period - Shot by Carter Verhaeghe.
0:34 of 3rd period - Shot Misses the Net.
0:36 of 3rd period - Shot by Mikael Backlund.
0:36 of 3rd period - Shot Misses the Net.
0:38 of 3rd period - Shot by Noah Hanifin.
0:38 of 3rd period - Stopped by Kevin Lankinen without a rebound.
0:39 of 3rd period - Mark Scheifele wins face-off versus Patrick Kane in MONTREAL Canadiens zone.
0:39 of 3rd period - Mark Scheifele is hit by Dakota Mermis.
0:44 of 3rd period - Rickard Rakell is hit by Dakota Mermis and loses puck.
0:51 of 3rd period - Shot by Mark Scheifele.
0:51 of 3rd period - Shot Blocked by Evgeni Malkin.
0:53 of 3rd period - Shot by Mario Ferraro.
0:53 of 3rd period - Goal by Mario Ferraro - FLORIDA Panthers : 6 - MONTREAL Canadiens : 3.
0:54 of 3rd period - Barclay Goodrow wins face-off versus Kailer Yamamoto in neutral zone.
0:54 of 3rd period - Barclay Goodrow is hit by Isac Lundestrom.
1:04 of 3rd period - Shot by Cody Eakin.
1:04 of 3rd period - Shot Blocked by Kailer Yamamoto.
1:06 of 3rd period - Shot by Cody Eakin.
1:06 of 3rd period - Stopped by Kevin Lankinen without a rebound.
1:07 of 3rd period - Mikael Backlund wins face-off versus Jake Guentzel in MONTREAL Canadiens zone.
1:57 of 3rd period - Icing by Tyson Barrie.
1:58 of 3rd period - Mark Scheifele wins face-off versus Jake Guentzel in MONTREAL Canadiens zone.
2:37 of 3rd period - Off-side.
2:38 of 3rd period - Kailer Yamamoto wins face-off versus Cody Eakin in neutral zone.
3:09 of 3rd period - Icing by Jacob Trouba.
3:10 of 3rd period - Patrick Kane wins face-off versus Cody Eakin in FLORIDA Panthers zone.
3:10 of 3rd period - Patrick Kane is hit by Jacob Trouba.
3:16 of 3rd period - Shot by Evgeni Malkin.
3:16 of 3rd period - Shot Blocked by Nikita Zadorov.
3:38 of 3rd period - Icing by Jacob Trouba.
3:39 of 3rd period - Tyler Seguin wins face-off versus Cody Eakin in FLORIDA Panthers zone.
4:06 of 3rd period - Shot by Nikolay Goldobin.
4:06 of 3rd period - Stopped by Kevin Lankinen without a rebound.
4:07 of 3rd period - Mark Scheifele wins face-off versus Patrick Kane in MONTREAL Canadiens zone.
4:20 of 3rd period - Icing by Boone Jenner.
4:21 of 3rd period - Mikael Backlund wins face-off versus Patrick Kane in MONTREAL Canadiens zone.
4:26 of 3rd period - Shot by Carter Verhaeghe.
4:26 of 3rd period - Stopped by Kevin Lankinen with a rebound.
4:28 of 3rd period - Shot by Mikael Backlund.
4:28 of 3rd period - Deflect By Nikolay Goldobin.
4:28 of 3rd period - Goal by Nikolay Goldobin - FLORIDA Panthers : 7 - MONTREAL Canadiens : 3.
4:29 of 3rd period - Mikael Backlund wins face-off versus Jake Guentzel in neutral zone.
4:33 of 3rd period - Carter Verhaeghe is hit by Justin Faulk and loses puck.
4:53 of 3rd period - Icing by Cam Atkinson.
4:54 of 3rd period - Tyler Seguin wins face-off versus Mark Scheifele in MONTREAL Canadiens zone.
4:54 of 3rd period - Tyler Seguin is hit by Rickard Rakell.
5:01 of 3rd period - Off-side.
5:02 of 3rd period - Mark Scheifele wins face-off versus Patrick Kane in neutral zone.
5:25 of 3rd period - Shot by Kiril Kaprizov.
5:25 of 3rd period - Shot Misses the Net.
5:27 of 3rd period - Shot by Jared Spurgeon .
5:27 of 3rd period - Stopped by Kevin Lankinen with a rebound.
5:29 of 3rd period - Shot by Rickard Rakell.
5:29 of 3rd period - Shot Misses the Net.
5:51 of 3rd period - Icing by Patrick Kane.
5:52 of 3rd period - Mikael Backlund wins face-off versus Patrick Kane in MONTREAL Canadiens zone.
5:55 of 3rd period - Shot by Nikolay Goldobin.
5:55 of 3rd period - Stopped by Kevin Lankinen without a rebound.
5:56 of 3rd period - Mikael Backlund wins face-off versus Jake Guentzel in MONTREAL Canadiens zone.
6:31 of 3rd period - Tyler Seguin is hit by Mario Ferraro and loses puck.
6:38 of 3rd period - Shot by Mario Ferraro.
6:38 of 3rd period - Stopped by Kevin Lankinen with a rebound.
7:00 of 3rd period - Shot by Kailer Yamamoto.
7:00 of 3rd period - Shot Misses the Net.
7:02 of 3rd period - Shot by Isac Lundestrom.
7:02 of 3rd period - Shot Misses the Net.
7:04 of 3rd period - Shot by Matthew Benning.
7:04 of 3rd period - Goal by Matthew Benning - FLORIDA Panthers : 7 - MONTREAL Canadiens : 4.
7:05 of 3rd period - Mark Scheifele wins face-off versus Patrick Kane in neutral zone.
7:12 of 3rd period - Shot by Rickard Rakell.
7:12 of 3rd period - Shot Misses the Net.
7:14 of 3rd period - Shot by Noah Hanifin.
7:14 of 3rd period - Stopped by Kevin Lankinen without a rebound.
7:15 of 3rd period - Cody Eakin wins face-off versus Kailer Yamamoto in MONTREAL Canadiens zone.
7:26 of 3rd period - Shot by Cody Eakin.
7:26 of 3rd period - Shot Misses the Net.
7:47 of 3rd period - Minor Penalty to Noah Hanifin for Hooking.
7:48 of 3rd period - Patrick Kane wins face-off versus Mark Scheifele in FLORIDA Panthers zone.
8:15 of 3rd period - Shot by Patrick Kane.
8:15 of 3rd period - Deflect By Cam Atkinson.
8:15 of 3rd period - Shot Misses the Net.
8:17 of 3rd period - Shot by Cam Atkinson.
8:17 of 3rd period - Goal by Cam Atkinson - FLORIDA Panthers : 7 - MONTREAL Canadiens : 5.
8:18 of 3rd period - Mikael Backlund wins face-off versus Brett Howden in neutral zone.
9:18 of 3rd period - Shot by Kiril Kaprizov.
9:18 of 3rd period - Shot Blocked by Jake Guentzel.
9:36 of 3rd period - Shot by Cam Atkinson.
9:36 of 3rd period - Shot Misses the Net.
9:50 of 3rd period - Shot by Jake Guentzel.
9:50 of 3rd period - Shot Misses the Net.
9:57 of 3rd period - Icing by Ian Cole.
9:58 of 3rd period - Mark Scheifele wins face-off versus Patrick Kane in FLORIDA Panthers zone.
11:04 of 3rd period - Barclay Goodrow is hit by Isac Lundestrom.
11:12 of 3rd period - Kyle Capobianco is hit by Barclay Goodrow and loses puck.
11:52 of 3rd period - Shot by Nikolay Goldobin.
11:52 of 3rd period - Stopped by Kevin Lankinen without a rebound.
11:53 of 3rd period - Mark Scheifele wins face-off versus Cam Atkinson in MONTREAL Canadiens zone.
11:54 of 3rd period - Shot by Rickard Rakell.
11:54 of 3rd period - Shot Blocked by Tyson Barrie.
11:56 of 3rd period - Shot by Mark Scheifele.
11:56 of 3rd period - Stopped by Kevin Lankinen with a rebound.
11:58 of 3rd period - Shot by Mario Ferraro.
11:58 of 3rd period - Stopped by Kevin Lankinen with a rebound.
12:00 of 3rd period - Shot by Ian Cole.
12:00 of 3rd period - Stopped by Kevin Lankinen without a rebound.
12:01 of 3rd period - Mark Scheifele wins face-off versus Jake Guentzel in MONTREAL Canadiens zone.
12:38 of 3rd period - Shot by Cam Atkinson.
12:38 of 3rd period - Shot Misses the Net.
13:24 of 3rd period - Shot by Patrick Kane.
13:24 of 3rd period - Stopped by Jake Allen without a rebound.
13:25 of 3rd period - Cody Eakin wins face-off versus Kailer Yamamoto in FLORIDA Panthers zone.
13:53 of 3rd period - Shot by Kailer Yamamoto.
13:53 of 3rd period - Shot Misses the Net.
13:55 of 3rd period - Shot by Kailer Yamamoto.
13:55 of 3rd period - Shot Blocked by Nikita Zadorov.
13:57 of 3rd period - Shot by Phil Kessel.
13:57 of 3rd period - Shot Blocked by Cody Eakin.
14:06 of 3rd period - Kailer Yamamoto is hit by Nikita Zadorov and loses puck.
14:20 of 3rd period - Minor Penalty to Justin Scott for Hooking.
14:21 of 3rd period - Mark Scheifele wins face-off versus Patrick Kane in FLORIDA Panthers zone.
15:38 of 3rd period - Shot by Evgeni Malkin.
15:38 of 3rd period - Shot Misses the Net.
15:51 of 3rd period - Shot by Jake Guentzel.
15:51 of 3rd period - Stopped by Jake Allen without a rebound.
15:52 of 3rd period - Mark Scheifele wins face-off versus Patrick Kane in FLORIDA Panthers zone.
15:58 of 3rd period - Icing by Cam Atkinson.
15:59 of 3rd period - Mark Scheifele wins face-off versus Patrick Kane in MONTREAL Canadiens zone.
16:04 of 3rd period - Shot by Mark Scheifele.
16:04 of 3rd period - Stopped by Kevin Lankinen without a rebound.
16:05 of 3rd period - Kiril Kaprizov wins face-off versus Boone Jenner in MONTREAL Canadiens zone.
16:34 of 3rd period - Shot by Carter Verhaeghe.
16:34 of 3rd period - Stopped by Kevin Lankinen without a rebound.
16:35 of 3rd period - Cody Eakin wins face-off versus Tyler Seguin in MONTREAL Canadiens zone.
17:03 of 3rd period - Shot by Jake Guentzel.
17:03 of 3rd period - Stopped by Jake Allen with a rebound.
18:30 of 3rd period - Kyle Capobianco is hit by Mark Scheifele and loses puck.
18:45 of 3rd period - Icing by Kiril Kaprizov.
18:46 of 3rd period - Mark Scheifele wins face-off versus Joe Veleno in FLORIDA Panthers zone.
18:51 of 3rd period - Shot by Rickard Rakell.
18:51 of 3rd period - Shot Blocked by Justin Faulk.
18:53 of 3rd period - Shot by Nikita Zadorov.
18:53 of 3rd period - Shot Misses the Net.
18:55 of 3rd period - Shot by Rickard Rakell.
18:55 of 3rd period - Stopped by Kevin Lankinen with a rebound.
19:10 of 3rd period - Michael Pezzetta is hit by Jacob Trouba and loses puck.
19:20 of 3rd period - Off-side.
19:21 of 3rd period - Jake Guentzel wins face-off versus Justin Scott in neutral zone.
19:28 of 3rd period - Shot by Tyler Seguin.
19:28 of 3rd period - Shot Misses the Net.
Goals for this period are 2 for FLORIDA Panthers vs 2 for MONTREAL Canadiens.
Shots for this period are 17 for FLORIDA Panthers vs 5 for MONTREAL Canadiens.